 Dungeon Crawl Stone Soup version 0.17-a0-1979-g1c74939 (webtiles) character file.

3299 brucemayne the Severer (level 10, 0/75 HPs)
             Began as a Hill Orc Berserker on Oct 5, 2015.
             Was a Believer of Trog.
             Slain by an orc warrior
             ... wielding a +2 dire flail of draining
              (3 damage)
             ... on level 10 of the Dungeon.
             The game lasted 00:13:21 (2464 turns).

brucemayne the Severer (Hill Orc Berserker)         Turns: 2464, Time: 00:13:22

Health: 0/75       AC:  9    Str: 24      XL:     10   Next: 1%
Magic:  10/10      EV:  7    Int:  6 (7)  God:    Trog [**....]
Gold:   133        SH:  0    Dex: 10      Spells: 0 memorised, 9 levels left

rFire  . . .     SeeInvis +     w - +0 battleaxe
rCold  . . .     Clarity  +     x - +0 plate armour
rNeg   . . .     SustAt   .     (no shield)
rPois  .         Gourm    .     (no helmet)
rElec  .         Spirit   .     (no cloak)
rCorr  .         Warding  .     c - +0 pair of gloves
rMut   .         Stasis   .     d - +0 pair of boots
MR     .....                    (no amulet)
Stlth  ..........               (no ring)
                                k - ring of flight

@: lethally poisoned (0 -> -2), exhausted, slowed, drained, very slow, not
resistant to hostile enchantments, extremely unstealthy
A: see invisible, clarity, deformed body, deterioration 1, frail 1
a: Burn Spellbooks, Berserk, Trog's Hand, Renounce Religion, Evoke Flight


You were on level 10 of the Dungeon.
You worshipped Trog.
Trog was pleased with you.
You were very hungry.

You visited 1 branch of the dungeon, and saw 10 of its levels.

You collected 133 gold pieces.

Inventory:

Hand Weapons
 a - a +0 hand axe
 f - a +2 rapier of speed
 q - a +0 whip of freezing
 w - a +0 battleaxe (weapon)
Missiles
 i - 5 tomahawks (quivered)
 G - 6 curare-tipped needles
Armour
 b - a +0 animal skin
 c - a +0 pair of gloves (worn)
 d - a +0 pair of boots (worn)
 m - a +0 ring mail
 p - a +0 leather armour
 x - a +0 plate armour (worn)
Jewellery
 k - a ring of flight (left hand)
Wands
 s - a wand of confusion (11)
 v - a wand of lightning (7)
 C - a wand of confusion (2)
Scrolls
 e - a scroll of recharging
 g - a scroll of remove curse
 j - a scroll of teleportation
 o - a scroll of magic mapping {unknown}
 t - a scroll of noise {unknown}
 y - 2 scrolls of enchant armour {unknown}
 A - a scroll of enchant weapon {unknown}
 E - a scroll of amnesia {unknown}
Potions
 h - 2 potions of poison
 z - 2 potions of curing
Books
 l - a book of Clouds

   Spells                             Type                      Level
   a - Mephitic Cloud                 Conjuration/Poison/Air       3
   b - Conjure Flame                  Conjuration/Fire             3
   c - Poisonous Cloud                Conjuration/Poison/Air       6
   d - Freezing Cloud                 Conjuration/Ice/Air          6
   e - Ring of Flames                 Charms/Fire                  7
   Trog disapproves of the use of such an item.
 u - a book of Cantrips

   Spells                             Type                      Level
   a - Corona                         Hexes                        1
   b - Animate Skeleton               Necromancy                   1
   c - Summon Small Mammal            Summoning                    1
   d - Apportation                    Translocation                1
   Trog disapproves of the use of such an item.
 D - a Grand Grimoire

   Spells                             Type                      Level
   a - Monstrous Menagerie            Summoning                    6
   b - Summon Greater Demon           Summoning                    7
   c - Malign Gateway                 Summoning/Translocation      7
   d - Summon Horrible Things         Summoning                    8
   Trog disapproves of the use of such an item.
Comestibles
 n - a meat ration
 r - a royal jelly
 B - a bread ration
 F - 5 chunks of flesh


   Skills:
 + Level 6.4(6.1) Fighting
 + Level 15.3(14.8) Axes
 - Level 5.4(5.1) Armour
 - Level 1.5(1.2) Dodging


You had 9 spell levels left.
You didn't know any spells.

Dungeon Overview and Level Annotations

Branches:
Dungeon (10/15)            Temple (0/1) D:5
   Lair: D:8-11         Orc: D:9-12

Altars:
Fedhas
Makhleb
Nemelex Xobeh
Trog

Annotations:
D:5 Sigmund
D:6 exclusion: downstairs


Innate Abilities, Weirdness & Mutations

You have supernaturally acute eyesight.
You possess an exceptional clarity of mind.
Armour fits poorly on your strangely shaped body.
Your body sometimes deteriorates upon taking damage.
You are frail (-10% HP).


Message History

Evoking this partially-identified wand wasted a few charges.
You feel sick.
Evoke which item? (* to show all) (? for menu, Esc to quit)
Zapping:
C - a wand of confusion {zapped: 4} (will waste charges)
Press: ? - help, Shift-Dir - straight line, f/p - orc warrior
Aim: an orc warrior, wielding a dire flail of draining and wearing a chain mail (chance to defeat MR: 46%)
The orc warrior resists with some effort.
Evoking this partially-identified wand wasted a few charges.
You feel sick.
Evoke which item? (* to show all) (? for menu, Esc to quit)
Zapping:
C - a wand of confusion {zapped: 7} (will waste charges)
Press: ? - help, Shift-Dir - straight line, f/p - orc warrior
Aim: an orc warrior, wielding a dire flail of draining and wearing a chain mail (chance to defeat MR: 46%)
The orc warrior resists with some effort.
Evoking this partially-identified wand wasted a few charges.
You feel sick.
The orc warrior hits you with a dire flail of draining!
* * * LOW HITPOINT WARNING * * *
You feel drained.
You die...

#..##.....#.#
######...........#.
.......###.....##.
##.............#..
#.#############.o
#.# #.# #.# #.# #.#
#o# #.# #@# ##.#
#.# ...# #.# ..
#### #)# ###.. # #
#.# ##..>## .# #
### #.# #.....##o #
#####.## #†#
#....... # #......#
#.# #.F.y.# #
#.###.## #.#


#oyo# You could see an orc warrior and an orc (wandering).

Vanquished Creatures
  Pikel (D:5)
  A deep elf mage (D:9)
  Grum (D:8)
  6 yaks (D:10)
  3 wolves
  The ghost of Shrek the Cudgeler, an amateur OgWn (D:3)
  4 ogres
  2 orc warriors
  2 sky beasts
  3 slaves (D:5)
  A centaur (D:6)
  A giant frog (D:8)
  2 killer bees (D:10)
  2 crimson imps (D:6)
  A hound (D:10)
  3 orc priests
  An orc wizard (D:10)
  2 worker ants
  A hound skeleton (D:6)
  An adder (D:2)
  14 orcs
  A ball python (D:3)
  3 bats
  3 hobgoblins
  4 jackals
  A giant cockroach (D:6)
  4 giant newts
  3 goblins
  3 kobolds
  A quokka (D:3)
  A rat (D:1)
77 creatures vanquished.

Notes
Turn   | Place    | Note
--------------------------------------------------------------
     0 | D:1      | brucemayne the Hill Orc Berserker began the quest for the Orb.
     0 | D:1      | Reached XP level 1. HP: 19/19 MP: 1/1
   150 | D:1      | Reached XP level 2. HP: 12/26 MP: 2/2
   291 | D:3      | Noticed Shrek's ghost (amateur OgWn)
   317 | D:3      | Killed Shrek's ghost
   317 | D:3      | Reached skill level 7 in Axes
   317 | D:3      | Reached XP level 3. HP: 3/31 MP: 3/3
   317 | D:3      | Reached XP level 4. HP: 3/39 MP: 4/4
   320 | D:2      | HP: 1/39 [kobold/stone (1)]
   432 | D:2      | Reached XP level 5. HP: 16/45 MP: 5/5
   484 | D:2      | Found a sparkling altar of Nemelex Xobeh.
   628 | D:4      | Noticed an ogre
   641 | D:4      | Killed an ogre
   641 | D:4      | Reached skill level 8 in Axes
   729 | D:5      | Entered Level 5 of the Dungeon
   729 | D:5      | Noticed Pikel
   729 | D:5      | Noticed a slave
   729 | D:5      | Noticed a slave
   729 | D:5      | Noticed a slave
   729 | D:5      | Noticed a slave
   734 | D:5      | Killed a slave
   737 | D:5      | Killed a slave
   740 | D:5      | Killed a slave
   741 | D:5      | Killed Pikel
   741 | D:5      | Reached skill level 11 in Axes
   741 | D:5      | Reached XP level 6. HP: 29/51 MP: 6/6
   741 | D:5      | Reached XP level 7. HP: 32/57 MP: 7/7
   790 | D:5      | Found a staircase to the Ecumenical Temple.
   799 | D:5      | Noticed Sigmund
   830 | D:6      | Acquired Trog's second power
   860 | D:6      | Gained mutation: Your body sometimes deteriorates upon taking damage. [mutagenic meat]
   861 | D:6      | Gained mutation: Armour fits poorly on your strangely shaped body. [mutagenic meat]
   865 | D:6      | Gained mutation: You are frail (-10% HP). [mutagenic meat]
   867 | D:6      | Gained mutation: You possess an exceptional clarity of mind. [mutagenic meat]
   868 | D:6      | Gained mutation: You have supernaturally acute eyesight. [mutagenic meat]
   945 | D:6      | Found a burning altar of Makhleb.
   996 | D:6      | Reached skill level 12 in Axes
   996 | D:6      | Reached XP level 8. HP: 57/57 MP: 8/8
  1531 | D:8      | Reached skill level 13 in Axes
  1564 | D:9      | Found a blossoming altar of Fedhas.
  1595 | D:8      | Found a bloodstained altar of Trog.
  1725 | D:8      | Noticed Grum
  1867 | D:9      | Reached XP level 9. HP: 63/63 MP: 9/9
  1901 | D:8      | Reached skill level 14 in Axes
  1933 | D:8      | Killed Grum
  1934 | D:8      | HP: 3/94 [wolf[Grum] (2)]
  1935 | D:8      | Reached skill level 5 in Armour
  2081 | D:10     | Entered Level 10 of the Dungeon
  2263 | D:10     | Reached skill level 5 in Fighting
  2284 | D:10     | Reached skill level 15 in Axes
  2457 | D:10     | Reached XP level 10. HP: 24/75 MP: 10/10
  2464 | D:10     | HP: 3/75 [orc warrior/dire flail of draining (11)]
  2464 | D:10     | Slain by an orc warrior

Vault maps used:
D:1:      saegor_arrival_simple_a
D:2:      lemuel_round_altar, nicolae_overflow_crystal_walls,
          overflow_temple_1_default, first_bread, uniq_robin
D:3:      uniq_terence
D:4:      nicolae_qazlal_style_of_elements, cheibriados_altar_1,
          yredelemnul_forgotten_temple_becter
D:5:      minmay_temple_entry_statues, hangedman_decor_push, uniq_sigmund,
          uniq_menkaure, uniq_pikel
D:6:      lightli_temple_of_fire, serial_park_tiny_2
D:7:      nicolae_dithmenos_the_darkroom, gup_ossuary_entry_pyramid,
          grunt_ogre_cave, uniq_duvessa
D:8:      ashenzari_altar_1, lemuel_crystal_altar, bloody_trog, uniq_grum
D:9:      lemuel_crystal_altar, st_stairs_12, xom_teletrap_fun

Action                   |  1- 3 |  4- 6 |  7- 9 | 10-12 || total
-------------------------+-------+-------+-------+-------++-------
Melee: Hand axe          |    64 |    66 |    44 |       ||   174
       Battleaxe         |       |       |   177 |       ||   177
Invok: Berserk           |     1 |     3 |    12 |       ||    16
       Trog's Hand       |       |       |    10 |       ||    10
Evoke: Wand              |       |       |    12 |     3 ||    15
  Use: Potion            |       |       |     7 |       ||     7
       Scroll            |       |       |     3 |       ||     3
 Stab: Confused          |       |       |     3 |       ||     3
  Eat: Chunk             |       |     3 |    11 |       ||    14
       Meat ration       |       |       |     1 |       ||     1
       Bread ration      |       |       |     2 |       ||     2
